 Dungeon Crawl Stone Soup version 0.24.0-123-gd5b16e6ec5 (webtiles) character file.

Game seed: 14802321893523008193, levelgen mode: deterministic

2228 glosham the Cleaver (level 9, -1/63 HPs)
             Began as a Mummy Abyssal Knight on Dec 20, 2019.
             Was an Elder of Lugonu.
             Slain by Joseph
             ... wielding a +0 quarterstaff
              (6 damage)
             ... on level 8 of the Dungeon.
             The game lasted 01:21:38 (4833 turns).

glosham the Cleaver (Mummy Abyssal Knight)          Turns: 4833, Time: 01:21:38

Health: -1/63      AC: 19    Str: 18    XL:     9   Next: 14%
Magic:  10/10      EV:  5    Int: 11    God:    Lugonu [****..]
Gold:   279        SH:  0    Dex: 15    Spells: 8/8 levels left

rFire    . . .     SeeInvis .   a - +4 battleaxe
rCold    + . .     Gourm    .   (shield currently unavailable)
rNeg     + + +     Faith    .   X - +0 plate armour
rPois    ∞         Spirit   .   U - +2 helmet
rElec    .         Reflect  .   Y - +2 cloak {MR+}
rCorr    .         Harm     .   V - +2 pair of gloves
MR       ++...                  (no boots)
Stlth    ..........             (no amulet)
HPRegen  0.20/turn              A - +3 ring of dexterity
MPRegen  0.12/turn              B - ring of protection from fire

@: no status effects
A: no food or potions, fire vulnerability, cold resistance 1, negative energy
resistance 3, torment resistance, unbreathing
a: Depart the Abyss, Bend Space, Banish, Corrupt, Renounce Religion


You were on level 8 of the Dungeon.
You worshipped Lugonu.
Lugonu was greatly pleased with you.
You were not hungry.

You visited 1 branch of the dungeon, and saw 8 of its levels.
You visited the Abyss 1 time.
You also visited: Ossuary.

You collected 489 gold pieces.
You spent 210 gold pieces at shops.

Inventory:

Hand Weapons
 a - a +4 battleaxe (weapon)
 b - a +3 hand axe
 n - a +2 trident of piercing
 t - a +0 hunting sling
 x - a +0 scythe
 y - a +3 morningstar
 H - a +0 shortbow
Missiles
 d - 41 sling bullets
 e - 198 stones
 f - 11 poisoned darts
 j - 90 arrows
 m - 80 bolts
 r - 7 boomerangs (quivered)
Armour
 g - a +0 chain mail
 h - a +0 leather armour of cold resistance
 u - a +3 leather armour
 G - a +2 shield
 U - a +2 helmet (worn)
 V - a +2 pair of gloves (worn)
 X - a +0 plate armour (worn)
 Y - a +2 cloak of magic resistance (worn)
Magical Staves
 q - an uncursed staff of death
 F - an uncursed staff of cold
Jewellery
 v - a +5 ring of intelligence
 A - a +3 ring of dexterity (left hand)
 B - a ring of protection from fire (right hand)
 C - an uncursed ring of protection from cold
 Z - an uncursed ring of wizardry
Wands
 I - a wand of random effects (15)
Scrolls
 i - 2 scrolls of immolation
 k - 4 scrolls of teleportation
 l - a scroll of blinking
 o - 5 scrolls of remove curse
 p - 7 scrolls of identify
 D - a scroll of magic mapping
Miscellaneous
 c - a lamp of fire


   Skills:
 - Level 3.0 Fighting
 * Level 10.3 Axes
 - Level 1.5 Armour
 - Level 0.7 Dodging
 - Level 1.5 Invocations


You had 8 spell levels left.
You didn't know any spells.
Your spell library was empty.

Dungeon Overview and Level Annotations

Branches:
Dungeon (8/15)             Temple (0/1) D:6         Ossuary (visited)
   Lair: D:8-11

Altars:
Ashenzari
Dithmenos
Nemelex Xobeh
Okawaru
Qazlal
Xom

Shops:
D:6 *

Annotations:
D:8 Joseph


Innate Abilities, Weirdness & Mutations

You do not eat or drink.
Your flesh is vulnerable to fire.
You are immune to poison.
Your flesh is cold resistant. (rC+)
You are immune to negative energy. (rN+++)
You are immune to unholy pain and torment.
You can survive without breathing.


Message History

You hit Joseph but do no damage.
Joseph is moderately wounded.
Joseph hits you but does no damage.
Your plate armour prevents you from hitting Joseph.
Joseph is moderately wounded.
Joseph hits you but does no damage. Joseph barely misses you.
You closely miss Joseph.
Joseph is moderately wounded.
Joseph hits you with a +0 quarterstaff!
Your plate armour prevents you from hitting Joseph.
Joseph is moderately wounded.
Joseph barely misses you.
Your plate armour prevents you from hitting Joseph.
Joseph is moderately wounded.
Joseph hits you with a +0 quarterstaff.
You hit Joseph but do no damage.
Joseph is moderately wounded.
Joseph hits you but does no damage.
You hit Joseph.
Joseph is heavily wounded.
Joseph hits you but does no damage.
You slash Joseph!
Joseph is severely wounded.
Joseph hits you with a +0 quarterstaff!
You closely miss Joseph.
Joseph is severely wounded.
Joseph hits you with a +0 quarterstaff!
* * * LOW HITPOINT WARNING * * *
You slash Joseph!
Joseph is severely wounded.
Joseph hits you with a +0 quarterstaff.
* * * LOW HITPOINT WARNING * * *
You slash Joseph!
Joseph is almost dead.
Joseph hits you with a +0 quarterstaff.
* * * LOW HITPOINT WARNING * * *
Your plate armour prevents you from hitting Joseph.
Joseph is almost dead.
Joseph hits you with a +0 quarterstaff.
You die...

# . #.#########
..
...#.(<..##...
#.#...#........
##.....#........
......@@........
####...#...#####
#...###[# #...
.# #### .# .#


You could see Joseph.

Vanquished Creatures
  A wraith (Ossuary)
  3 small abominations
  A neqoxec (Abyss:5)
  Menkaure (D:5)
  An ice beast (D:6)
  2 centaurs
  4 bullfrogs
  4 wights (D:6)
  A howler monkey (D:5)
  A crimson imp (D:5)
  A centaur zombie (D:5)
  4 hounds
  2 orc priests
  3 bullfrog skeletons
  A jelly (D:7)
  Crazy Yiuf (D:3)
  2 iguanas
  6 worker ants
  A big kobold zombie (Ossuary)
  2 hound skeletons (D:4)
  3 mummies (Ossuary)
  A worker ant zombie (D:5)
  3 gnolls
  6 adders
  A shadow imp (D:5)
  An ooze (D:3)
  An adder zombie (D:4)
  6 worms
  A dart slug (D:1)
  4 leopard geckos
  9 orcs
  2 giant cockroaches
  8 goblins
  13 hobgoblins
  2 jackals (D:4)
  4 kobolds
  2 quokkas
  A ball python (D:1)
  10 bats
  6 frilled lizards
  4 goblin zombies (Ossuary)
  3 hobgoblin zombies (Ossuary)
  A jackal skeleton (D:3)
  A kobold zombie (Ossuary)
  7 rats
  2 rat zombies (D:6)
144 creatures vanquished.

Notes
Turn   | Place    | Note
-------+----------+-------------------------------------------
     0 | Abyss:1  | glosham the Mummy Abyssal Knight began the quest for the
                  | Orb.
     0 | Abyss:1  | Reached XP level 1. HP: 18/18 MP: 2/2
    79 | Abyss:4  | Noticed a small abomination
    87 | Abyss:4  | Killed a small abomination
    87 | Abyss:4  | Reached skill level 4 in Axes
    87 | Abyss:4  | Reached XP level 2. HP: 24/24 MP: 3/3
    87 | Abyss:4  | Reached XP level 3. HP: 29/29 MP: 4/4
    87 | Abyss:4  | Reached XP level 4. HP: 35/35 MP: 5/5
   113 | Abyss:4  | Reached XP level 5. HP: 41/41 MP: 6/6
   115 | Abyss:5  | Entered Level 5 of the Abyss
   115 | Abyss:5  | Noticed a neqoxec
   115 | Abyss:5  | Noticed a neqoxec
   127 | Abyss:5  | Reached skill level 5 in Axes
   136 | Abyss:5  | Noticed a thrashing horror
   138 | Abyss:5  | Killed a neqoxec
   138 | Abyss:5  | Reached XP level 6. HP: 33/47 MP: 7/7
   139 | D:1      | Escaped the Abyss
   550 | D:2      | Reached * piety under Lugonu
   827 | D:2      | Reached skill level 6 in Axes
   973 | D:2      | Found a shadowy altar of Dithmenos.
   983 | D:2      | Found an iron altar of Okawaru.
   984 | D:2      | Found a sparkling altar of Nemelex Xobeh.
  1315 | D:3      | Reached ** piety under Lugonu
  1620 | D:3      | Found a stormy altar of Qazlal.
  1668 | D:3      | Reached XP level 7. HP: 45/52 MP: 8/8
  1870 | D:3      | Found a runed translucent door.
  1871 | D:3      | Noticed Crazy Yiuf
  1884 | D:3      | Killed Crazy Yiuf
  2526 | D:4      | Reached skill level 7 in Axes
  2600 | D:5      | Entered Level 5 of the Dungeon
  2808 | D:5      | Noticed Menkaure
  2820 | D:5      | Killed Menkaure
  2968 | D:5      | Found a shattered altar of Ashenzari.
  3285 | D:6      | Found a staircase to the Ecumenical Temple.
  3302 | D:5      | Reached XP level 8. HP: 47/58 MP: 9/9
  3314 | D:5      | Reached skill level 8 in Axes
  3340 | D:6      | Reached *** piety under Lugonu
  3527 | D:6      | Found a shimmering altar of Xom.
  3550 | D:6      | Reached skill level 9 in Axes
  3593 | D:6      | Found a sand-covered staircase.
  3607 | Ossuary  | Entered an ossuary
  4114 | D:6      | Found Lowy's Assorted Antiques.
  4122 | D:6      | Bought a glowing cloak for 210 gold pieces
  4224 | D:6      | Reached skill level 10 in Axes
  4238 | D:6      | Reached XP level 9. HP: 57/63 MP: 10/10
  4710 | D:7      | Reached **** piety under Lugonu
  4812 | D:8      | Noticed Joseph
  4832 | D:8      | HP: 5/63 [Joseph/+0 quarterstaff (5)]
  4833 | D:8      | Slain by Joseph

Levels and vault maps discovered:
D:1:      dpeg_arrival_connections, layout_rooms
D:2:      layout_basic, nicolae_overflow_hidden_temple
D:3:      layout_loops_ring, nicolae_qazlal_general_emergency,
          uniq_crazy_yiuf_cottage
D:4:      layout_loops_cross, uniq_pikel
D:5:      layout_basic, first_ration, minmay_misc_feat_doors,
          nicolae_ashenzari_panopticon, uniq_menkaure
D:6:      layout_loops_ring, xom_teletrap_fun, minmay_temple_entry_stoned_glass,
          enter_ossuary_4, serial_shops, shop, minmay_pentangle
D:7:      layout_basic
D:8:      kennysheep_ambush_hall, layout_basic, minmay_lair_entry_grove,
          hangedman_ranch [blue_anna_fruit_fields], uniq_joseph

Skill      XL: |  1  2  3  4  5  6  7  8 |
---------------+-------------------------+-----
Axes           | 4 5 6 7 10 | 10.3
Fighting       | |  3.0
Armour         | |  1.5
Dodging        | |  0.7
Invocations    | |  1.5

Action                   |  1- 3 |  4- 6 |  7- 9 || total
-------------------------+-------+-------+-------++-------
Melee: Hand axe          |       |   211 |   263 ||   474
       Scythe            |       |     2 |       ||     2
       Battleaxe         |       |       |   118 ||   118
Throw: Dart              |       |    26 |     8 ||    34
       Boomerang         |       |       |     6 ||     6
Invok: Depart the Abyss  |       |     1 |       ||     1
Evoke: Wand              |     2 |    14 |       ||    16
       Lamp of fire      |     1 |     1 |       ||     2
  Use: Scroll            |     3 |     8 |    13 ||    24
 Stab: Sleeping          |       |       |     2 ||     2
Armor: Leather armour    |       |    74 |   135 ||   209
       Plate armour      |       |       |     3 ||     3
Dodge: Dodged            |     3 |   104 |   136 ||   243
Block: Shield            |       |       |    61 ||    61

Table legend:
 A = Turns spent in this place as a percentage of turns spent in the entire game.
 B = Non-inter-level travel turns spent in this place as a percentage of non-inter-level travel turns spent in the entire game.
 C = Inter-level travel turns spent in this place as a percentage of turns spent in this place.
 D = Turns resting spent in this place as a percentage of non-inter-level travel turns spent in this place.
 E = Turns spent auto-exploring this place as a percentage of non-inter-level travel turns spent in this place.
 F = Non-inter-level travel turns spent in this place divided by the number of levels of this place that you've seen.
                   A       B       C       D       E      F
               +-------+-------+-------+-------+-------+----------------------
         Total | 100.0 | 100.0 |   9.6 |   0.0 |   1.6 | 311.9
       Dungeon |  91.0 |  90.0 |  10.6 |   0.0 |   1.8 | 491.5
         Abyss |   2.9 |   3.2 |   0.0 |   0.0 |   0.0 |  27.8
       Ossuary |   6.1 |   6.8 |   0.0 |   0.0 |   0.0 | 296.0
               +-------+-------+-------+-------+-------+----------------------

Table legend:
 A = Kills in this place as a percentage of kills in entire the game.
 B = Kills by you in this place as a percentage of kills by you in the entire game.
 C = Kills by friends in this place as a percentage of kills by friends in the entire game.
 D = Other kills in this place as a percentage of other kills in the entire game.
 E = Experience gained in this place as a percentage of experience gained in the entire game.
 F = Experience gained in this place divided by the number of levels of this place that you have seen.
                   A       B       C       D       E      F
               +-------+-------+-------+-------+-------+----------------------
         Total | 100.0 | 100.0 |   N/A |   N/A | 100.0 | 227.4
       Dungeon |  88.2 |  88.2 |   N/A |   N/A |  74.0 | 294.4
         Abyss |   2.8 |   2.8 |   N/A |   N/A |  17.1 | 108.6
       Ossuary |   9.0 |   9.0 |   N/A |   N/A |   9.0 | 286.0
               +-------+-------+-------+-------+-------+----------------------

Levels and vault maps discovered:
D:1:      dpeg_arrival_connections, layout_rooms
D:2:      layout_basic, nicolae_overflow_hidden_temple
D:3:      layout_loops_ring, nicolae_qazlal_general_emergency,
          uniq_crazy_yiuf_cottage
D:4:      layout_loops_cross, uniq_pikel
D:5:      layout_basic, first_ration, minmay_misc_feat_doors,
          nicolae_ashenzari_panopticon, uniq_menkaure
D:6:      layout_loops_ring, xom_teletrap_fun, minmay_temple_entry_stoned_glass,
          enter_ossuary_4, serial_shops, shop, minmay_pentangle
D:7:      layout_basic
D:8:      kennysheep_ambush_hall, layout_basic, minmay_lair_entry_grove,
          hangedman_ranch [blue_anna_fruit_fields], uniq_joseph
